[Event "44th Chess Olympiad Women 2022"]
[Site "Chennai"]
[Date "2022.08.05"]
[Round "7.2"]
[White "Sandu, Mihaela"]
[Black "Batsiashvili, Nino"]
[Result "1/2-1/2"]
[WhiteElo "2297"]
[BlackElo "2466"]
[Annotator "TA"]
[PlyCount "49"]
[EventDate "2022.??.??"]
[TimeControl "60"]

1. e4 c6 2. d4 d5 3. e5 Bf5 4. h4 h5 5. Bd3 Bxd3 6. Qxd3 e6 7. Bg5
{[%emt 0:00:14] B12: Caro-Kann: Advance Variation.} Qb6 8. Nd2
{[%emt 0:00:17] Active counter play!} Ne7 9. Ngf3 Nf5 10. O-O Qa6 11. c4 Bb4 12. b3 O-O {[%emt 0:00:
00] [#]} 13. a3 $146 ({Predecessor:} 13. Rfc1 Nd7 14. a3 Bxd2
15. Qxd2 Rac8 16. a4 Rfe8 17. Qc3 c5 18. cxd5 exd5 19. Qd2 {½-½ (26) Shomoev,
A (2562)-Akopian,V (2700) Moscow 2008}) 13... Bxd2 14. Qxd2 dxc4 15. bxc4 Qxc4 16. Rfc1 Qd5 17. Rc5 Qd7 (17... Qb3 $1 $15) 18. Bf6 $11 {[%emt 0:00:51] The
position is equal.} Na6 (18... gxf6 {is a self mate.} 19. exf6
) 19. Rc3 Nc7 {[%emt 0:08:47] [#] Threatens to win with ...
Nd5.} (19... gxf6 20. exf6 Kh7 21. Qg5 $18) 20. Bxg7 Nxg7 {
[%emt 0:03:03] Pair of Knights!} (20... Kxg7 $5 21. Qg5+ Kh8 $11) 21. Qh6 {
[%emt 0:01:38] Ng5 is the strong threat.} Nf5 22. Qg5+ Ng7 23. Qh6 {[%emt 0:07:51] [#] And
now Ng5 would win.} Nf5 24. Qg5+ Ng7 {
[%emt 0:00:05] Strongly threatening ...Nd5.} 25. Qh6 {[%emt 0:02:35] Weighted
Error Value: White=0.06 (flawless) /Black=0.03 (flawless)} 1/2-1/2

[Event "44th Chess Olympiad Women 2022"]
[Site "Chennai"]
[Date "2022.08.05"]
[Round "7.3"]
[White "Lanchava, Tea"]
[Black "Buksa, Nataliya"]
[Result "0-1"]
[WhiteElo "2257"]
[BlackElo "2401"]
[Annotator "TA"]
[PlyCount "112"]
[EventDate "2022.??.??"]
[TimeControl "60"]

1. c4 e6 2. Nf3 d5 3. e3 Nf6 4. b3 c5 5. Bb2 Nc6 6. cxd5 exd5 7. Bb5 Bd6 8. O-O O-O {[%emt 0:00:05] A13: English
Opening: 1...e6.} 9. d4 cxd4 10. Nxd4 Bc7 {[%emt 0:00:12] The position is equal.} 11. Nd2 Nxd4 12. Bxd4 Qd6 13. g3 Ba5 {[%emt 0:01:08] aiming for
...Qb4.} 14. a3 {[%emt 0:11:14] Inhibits Qb4.} Bh3 15. Re1 Bxd2 16. Qxd2 Ne4 {[%emt 0:
00:00][%cal Yf6e4,Ye4g5,Yg5e6] [#]} 17. Qe2 $146 ({
Predecessor:} 17. Qd1 Rfc8 18. Bd3 Rc6 19. Bb5 Rcc8 20. Bd3 {½-½ (20)
Mercadal Benejam,J (2408)-Sherwood,R (2415) ICCF email 2021}) 17... Qe6 18. Bd3 Rac8 19. b4 (19. Bxa7 Ng5 20. Rec1 Bg4 $19) 19... a6 20. a4 Ng5 {[%emt 0:04:07] ...Bg4 is the strong threat.} 21. f3 {
[%emt 0:06:04] Prevents Bg4.} Bf5 $36 {[%emt 0:01:28] Black has the initiative.
} 22. Rf1 Qg6 23. Rad1 h5 24. h4 Ne6 25. Be5 f6 26. Bxf5 Qxf5 27.
Ba1 ({White should try} 27. Bf4 $15) 27... Rc4 $1 $17 28. e4 Qh3 29. exd5 (29. Qg2 $17 Qxg2+ 30. Kxg2 dxe4 31. fxe4) 29... Qxg3+ $19 30. Qg2 Qxg2+ 31. Kxg2 Nf4+ 32. Kf2 Rd8 33. d6 Rc6 (33... Rxb4 $19 {has better winning
chances.} 34. a5 Rb5) 34. d7 (34. Kg3 $142 Ng6 35. b5 (35. d7
Rc7 $17) 35... Rcxd6 36. Rxd6 Rxd6 37. Rc1) 34... Rc7 35. Rd4
{[%emt 0:00:55] [#]} Ne6 36. Rd6 {[%emt 0:01:20] [#]} Nf8 (36... Kf7 $1 $17 37. Rfd1 Nf8) 37. Rd5 (37.
Rg1 $1 $15) 37... Rdxd7 38. Rxh5 Rc4 39. Rg1 Kf7 ({And not} 39...
Rxb4 40. Bxf6 Ne6 41. Be5 $17) 40. Rg4 Rc2+ 41. Ke3 Ra2 (41... Ne6 $19 {Strongly
threatening ...Rcd2.} 42. Bd4 Rc6) 42. Bc3 $17 Rxa4 43. Rc5 (43. Ra5 $17 {was worth a try.} Re7+ 44. Kd3
Rd7+ 45. Ke3 Rxa5 46. bxa5) 43... Ra3 $19 44. Rc8 Ne6 {[%emt 0:00:06] Inhibits Rd4.} 45. Rgc4 $2 (45. h5 {
was necessary.}) 45... b5 46. R4c6 a5 {
[%emt 0:00:21] Threatens to win with ...axb4.} 47. Kf2 axb4 (47... a4 $142 48. Ke3 Re7) 48. Bxb4 Rb3 49. Be1 (49. Rd6 $142 Rxd6 50. Bxd6) 49... Nd4 50. Rc3 Rb2+ 51. Kf1 Ne6 52. Re3 (52. Rc2 {
might work better.} Rxc2 53. Rxc2) 52... Nf4 53. Rc1 (53. Bg3 $142 Rd1+ 54. Re1) 53... Rh2 54. Rcc3 Rd1 55. Rb3 Nh3 56. Rxb5 Rf2# {[%emt 0:00:17]
Weighted Error Value: White=0.42/Black=0.19 (very precise)} 0-1

[Event "44th Chess Olympiad Women 2022"]
[Site "Chennai"]
[Date "2022.08.05"]
[Round "7.3"]
[White "Muzychuk, Mariya"]
[Black "Roebers, Eline"]
[Result "1/2-1/2"]
[WhiteElo "2540"]
[BlackElo "2344"]
[Annotator "TA"]
[PlyCount "158"]
[EventDate "2022.??.??"]
[TimeControl "60"]

1. e4 c5 2. c3 Nf6 3. e5 Nd5 4. Nf3 d6 5. d4 cxd4 6. cxd4 Nc6 7. Bc4 Nb6 8. Bb5 dxe5 9. Nxe5 Bd7 10. Nxd7 Qxd7 11. Nc3 e6 12. O-O Be7 {[%emt 0:00:
00] 12...Rd8 deserves study.} 13. Qg4 O-O 14.
Rd1 {[%emt 0:11:04][%cal Yd4d5] B22: Sicilian: 2 c3.} Rfd8 {[%emt 0:17:53] 14..
.f5 is not played anymore.} 15. Bh6 Bf6 16. Ne4 {[%emt 0:04:17] The position is equal.} Qe7 17. Bxc6 $40 {[%emt 0:07:46] White is up to no good.} bxc6 18. Rac1 Rac8 19. h4 Rd5 $1 20. Bg5 Nd7 21. Rc3 Kh8 22. Nxf6 {
[%emt 0:02:51] [#]} gxf6 $146 (22... Nxf6 $11 23. Qf3 h6 24.
Bxf6 Qxf6) ({Predecessor:} 22... Nxf6 23. Qf3 h6 24. Bxf6 Qxf6 25. Qxf6 gxf6
26. Kf1 e5 27. Rdd3 exd4 28. Rc4 Rb8 {½-½ (34) Kupsys,A (2531)-Valeinis,J 
(2273) ICCF email 2005}) 23. Bh6 $18 Rg8
{[%emt 0:00:28] [#] Prevents Qg7+.} 24. Qxg8+ Kxg8 25. Rg3+ Rg5 26. hxg5 f5 27. Rc1 Qd6 28. Rgc3 Nb8 (28... f6 $142 29. Rxc6 Qxd4 30. Rxe6 Kf7)
29. Rc4 f6 30. gxf6 Kf7 31. Bg7 (31. g3 $18) 31... f4 (31... Nd7 $16 32. R1c3 (32. Rxc6 Qxd4 33. Rc7 Qd2 $16) 32... f4) 32. R1c3 (32. Bh6 $18) 32... Nd7 $16 33. Ra4 (33. Rxc6 $16 Qxd4 34. Rc7) 33... a5 (33... e5 $11 {
remains equal.}) 34. Rxa5 (34. Rac4 $1 $16) 34... Qxd4 $11 35. Rxc6 (35. g3 $11) 35... Ne5 $1 $15 36. Rc1 {[%emt 0:01:06] Against Qd1+} Nd3 ({
Better is} 36... f3 $1 $17 {[%cal Yd4g4] ( -> ...Qg4!)} 37. Rc7+ Kg6) 37. Rf1 e5 38. Rb5 e4 $2 (38... Qe4 $11 39. f3 Qe3+ 40. Kh2 Qe2 41. Rb7+ Kg6) 39. Rb7+ $18 Kg6 40. Bh8 $1 {[%emt 0:00:29]
Rg7+ is the strong threat.} e3 $2 (40... Kh6 41. Re7 Qc5 42.
Rxe4 Kg6) 41. Rg7+ Kh6 42. f7 $2 (42. fxe3 $18 fxe3 43. Rd7 $3) 42... exf2+ $11 43. Kh2 Qc5 44. g4 {[%emt 0:05:10][%cal
Yg2g4,Yg4g5] Against Qh5+. Strongly threatening Rg8.} Qe7 (
44... Qe3 $5 45. g5+ (45. f8=Q $2 Qg3+ 46. Kh1 Qh3#) 45... Kh5 46. Rxh7+ (46.
f8=Q $2 Qg3+ 47. Kh1 Qh3#) 46... Kg4 $11) 45. g5+ Kh5 46. Rxh7+ Kg4 47. Bd4 Kf3 $2 (47... Ne1 $1 $11 {and Black stays
safe.} 48. Rxf2 Nf3+ 49. Kg2 (49. Rxf3 $2 Kxf3 50. Rh3+ Ke4 $19) 49... Nxd4 50.
Rh4+ Kxh4 51. Rxf4+ Kxg5) 48. Rh3+ $2 ({Only move:} 48. g6 $18
Ke2 49. g7 (49. Rh8 Qg5 $11) 49... Qxf7 50. Rh8 $1) 48... Ke2 $1 $17 49. Rxd3 ({Don't blunder} 49. g6 $2 Kxf1 50. g7 Qxf7
$1 $19) 49... Kxd3 50. Rxf2 (50. Rd1+ Ke2 51.
f8=B Qxf8 52. Bxf2 Kxd1 53. Kh3 Ke2 54. Kg4 Kxf2 55. g6 Ke3 56. g7 Qxg7+ 57.
Kf5 f3 58. Ke6 f2 59. Kd6 f1=Q 60. Kc5 Qa6 61. Kb4 Qxb2+ 62. Kc5 Qd4#) 50...
Qxf7 {[%emt 0:00:08] Endgame KQ-KRB} 51. Bf6 (51. Bc3) 51...
Qh5+ 52. Kg2 Qg4+ 53. Kf1 Qh3+ 54. Kg1 f3 $2 (54... Qg3+ 55. Kf1 Qh3+ 56. Kg1 Qg4+ 57. Kf1 Qd1+ 58. Kg2 Ke3) 55. Bc3
$19 Ke4 {[%emt 0:00:32] Black has strong compensation.} 56.
Bd2 Qe6 (56... Qg3+ $19 {is more deadly.} 57.
Kf1 Qd6) 57. a4 {[%emt 0:00:23] [#]} (57. b3 $17 {keeps fighting.}) 57... Qa2
$1 58. a5 $2 (58. Be1) 58...
Qa1+ 59. Kh2 Qxb2 60. Kg1 Qb8 $2 (60... Qb1+ $19 61. Rf1 Qc2) 61. Kf1 $2 (61. Be1 $11 Qb1 62. Kf1) 61... Qb1+ $2 ({
Black should try} 61... Qb5+ $19 62. Kg1 Qb1+ 63. Rf1 Qc2) 62. Be1 $11 Qb5+ 63. Kg1 Qxg5+ 64. Kf1 Qc1 65. Rh2 Qa1 66. Rf2 Qh8 67. Kg1 {[%emt 0:00:06] Against Qh1+} Kf4 68. Rh2 Qg8+ 69. Kf1 Qc4+ 70.
Kg1 Ke3 71. Bd2+ Kd3 72. Be1 $1 Qc7 73. Rf2 Qg3+ 74. Kf1 {[%emt 0:00:11] Threatens to win
with Rd2+.} Qh3+ 75. Kg1 Ke4 76. Rh2 Qg4+ 77. Kf1 {[%emt 0:00:07] Hoping
for Rh4.} Kd3 78. Rf2 Ke3 79. Bd2+ {[%emt 0:00:16] [#]} (79. a6 $1 $11 {keeps the balance.} Qc4+ 80. Kg1)
79... Ke4 $1 {[%emt 0:00:28] What a fight! Weighted Error Value: White=0.62/
Black=0.70} 1/2-1/2

[Event "44th Chess Olympiad Women 2022"]
[Site "Chennai"]
[Date "2022.08.05"]
[Round "7.3"]
[White "Peng, Zhaoqin"]
[Black "Muzychuk, Anna"]
[Result "0-1"]
[WhiteElo "2349"]
[BlackElo "2529"]
[Annotator "TA"]
[PlyCount "82"]
[EventDate "2022.??.??"]
[TimeControl "60"]

1. d4 Nf6 2. c4 g6 3. Nc3 d5 4. cxd5 Nxd5 5. Nf3 Bg7 6. Bd2 c5 7. e4 {[%emt 0:01:59] 7.Nxd5 is a critical line. D90:
Grünfeld: 4 Nf3 Bg7 sidelines.} Nxc3 8. Bxc3 cxd4 9. Bb5+ {[%emt 0:14:21] The position is equal.} Bd7 $1 10. Bxd7+ Nxd7 11. Nxd4 Nc5 {[%emt 0:04:17] [#]} 12. f3 $146 (12. Qc2
$11) ({Predecessor:} 12. Nb5) 12... O-O $17 13. Qd2 Qb6 {[%emt 0:04:57] And now ...Rfd8 would win.} 14. Rd1 (14. Qc2 $17 {was necessary.}) 14... Rfd8 $19 15. Qc2 Rac8 16. Ne2 Rxd1+ 17. Kxd1 Rd8+ (17... Bh6 $19 18. Ke1 Rd8) 18. Kc1 $17 Nd3+ 19. Kb1 {[%emt 0:00:14] [#]} Nxb2 $1 {[%emt 0:00:30] 0x0.
002362c415e5dp-1022s more active pieces.} 20. Qxb2 Qxb2+ 21. Bxb2 Bxb2 {[%emt 0:00:06] Endgame KRB-KRN}
22. Kc2 {[%emt 0:00:44] Prevents Rd2+.} Be5 23. Rb1 b6 ({Of course not} 23... Bxh2 $6 24. g3 $11 (24. Rxb7
Rc8+ 25. Kd3 Rc7 $15)) 24. f4 Bd6 25. e5 Bc5 26. Rb3 f6 27. exf6 exf6 28. f5 (
28. Rf3 $17) 28... Re8 $19 29. Ng3 Bd6 30. Rd3 (30. fxg6 $17 hxg6 31. Rd3) 30... Bxg3 31. Rxg3 {[%emt 0:00:01] [#] KR-KR} Re2+ $1 32. Kb3 g5 33. h4 h6 34. hxg5 fxg5 35. a3 Kg7 {[%emt 0:01:00] Strongly threatening ...Kf6.} 36. Kb4 $2 (36. Kc4) 36... Kf6 {[%emt 0:00:30] White must now prevent ...
h5. Black is clearly winning.} 37. Kb5 Re5+ (
37... h5 $142 38. Rh3 h4) 38. Ka6 Ra5+ 39.
Kb7 Kxf5 40. Rh3 h5 41. Rf3+ Ke5 {[%emt 0:22:17] Weighted Error
Value: White=0.62/Black=0.22 (precise)} 0-1

[Event "44th Chess Olympiad Women 2022"]
[Site "Chennai"]
[Date "2022.08.05"]
[Round "7.3"]
[White "Ushenina, Anna"]
[Black "Ratsma, Rosa"]
[Result "1-0"]
[WhiteElo "2423"]
[BlackElo "2226"]
[Annotator "TA"]
[PlyCount "85"]
[EventDate "2022.??.??"]
[TimeControl "60"]

1. d4 Nf6 2. c4 e6 3. Nc3 Bb4 4. e3 O-O 5. Bd3 c5 6. Nge2 d5 7. cxd5 cxd4 8. exd4 Nxd5 9. O-O Nc6 10. Bc2 Be7 {[%emt 0:11:26] E48: Nimzo-Indian: Rubinstein: 5 Bd3 d5 including
6 Ne2, but excluding 6 a3.} 11. Ne4 (11. Re1 $11) 11... b6 $15 12. a3 Ba6 {[%emt 0:14:53] Against Qd3.
Black is slightly better.} 13. Re1 Rc8 14. N2c3 {[%emt 0:10:47] [#]} (14. Bd3 $15 Bb7 15. N4c3) 14...
Nxc3 $146 ({Black should try} 14... Nxd4 $1 $19 15. Bb1 (15.
Qxd4 $2 Nxc3 16. Qxd8 Ne2+ 17. Rxe2 Rfxd8 $19) (15. Ba4 Rc4) 15... Nxc3 16.
Nxc3 {[#]} Ne2+ $1 17. Nxe2 Qxd1 18. Rxd1 Bxe2) ({Predecessor:} 14... g6 15.
Bh6 Re8 16. Ba4 Bb7 17. Qd2 a6 18. Bg5 Nxc3 19. bxc3 b5 20. Bc2 Bxg5 21. Nxg5 {
0-1 (31) Florea,D (1965)-Bach,E (2330) Badenweiler 1995}) 15. bxc3 $11 Qd5 16. Re3 f5 17. Nd2 Nxd4 18. cxd4 $18 Qxd4 19. Rb1 {[%emt 0:04:14] Black must now prevent Bb3.}
Bg5 20. Bb2 (20. Rxe6 h6 21. g3 Qd7) 20...
Qd8 (20... Qg4 {was necessary.}) 21. Rg3 Rf7 {[%emt 0:06:50] [#]} (21... Rc7 {keeps fighting.}) 22. Bb3 $1 Qxd2 (22... Qe7 23. Rxg5) 23. Bxe6
{[%emt 0:01:20] Threatens to win with Qxd2.} Qxd1+ 24. Rxd1 Bh6 25. Rd7 {[%emt 0:00:53] Pin} Bc4 26. Rc3 (26. Bxf7+ $6 Bxf7 27. Rgd3 (27. Rxa7 Re8 $18)
27... Re8 $18) 26... Re8 27. Bxf7+ (27. Rxc4
Rxe6 28. Rc8+ Rf8 29. Rxf8+ Kxf8 $15) 27... Bxf7 28. Kf1 {[%emt 0:00:41] Against Re1+} (28. h4 $18 {and White stays clearly on
top.}) 28... b5 29. g3 ({Much worse is} 29.
Rxa7 $6 Bd2 30. f4 g6 $11) 29... Bc4+ 30. Kg2 Re2 (30... a6 $16 {is a better defense.} 31. Bc1 g5) 31. Bc1 Bxc1 (31... g5 $142 32. h4 (32. Rxa7 Bf8 $16)
32... Bg7) 32. Rxc1 {[%emt 0:00:01] Endgame KRR-KRB} a5 33. a4
{[%emt 0:00:21] axb5 is the strong threat.} Re8 (33... h6 {
might work better.} 34. axb5 Bxb5) 34. axb5 Bxb5 35. Ra7 {[%emt 0:01:04] Strongly threatening Rcc7.} ({Don't take} 35. Rd5
Be2 36. Rxf5 a4 $18) 35... a4 $2 (35... Kh8 36. Rcc7 Rg8 37.
Rxa5 Bd3) 36. Rcc7 {[%emt 0:00:28] White is clearly winning.} g5 37. Rg7+ Kh8 38. Rxh7+ Kg8 39. Rhg7+ Kh8 40. Rxg5 Bc6+ 41. Kh3 Rf8 42. Kh4 f4 43. Ra6 {[%emt 0:02:05]
Weighted Error Value: White=0.16 (very precise) /Black=0.58} 1-0

[Event "44th Chess Olympiad Women 2022"]
[Site "Chennai"]
[Date "2022.08.05"]
[Round "7.4"]
[White "Antova, Gabriela"]
[Black "Malicka, Maria"]
[Result "1/2-1/2"]
[WhiteElo "2275"]
[BlackElo "2393"]
[Annotator "TA"]
[PlyCount "190"]
[EventDate "2022.??.??"]
[TimeControl "60"]

1. d4 Nf6 2. Nf3 e6 3. Bg5 h6 4. Bh4 b6 5. Nbd2 Bb7 6. e3 c5 7. c3 Be7 8. Bd3 g5 {[%emt 0:06:21] A46:1 d4
Nf6 2 Nf3 e6: Torre, London and Colle Systems.} 9. Bg3 g4 10. Ne5 ({Of course not} 10. Nh4 Rg8 11. h3
Nh5 12. hxg4 Nxg3 13. fxg3 Qc7 $15) 10... h5 {[%emt 0:04:48] [#]} 11. Nec4 $146 ({Predecessor:} 11. f3 d6 12. Nec4 b5 13. Na3 b4 14. cxb4 cxd4
15. exd4 h4 16. Bf2 h3 17. g3 gxf3 18. Nxf3 {1-0 (28) Vachier Lagrave,M (2778)
-Vlassov,N (2352) Chess.com INT 2020}) 11... d6 12. dxc5 $1 dxc5 13. Qc2 (13. Qa4+ $2 b5
14. Qxb5+ Bc6 $17) 13... h4 14. Bxb8 (14. Bf4
$14) 14... Qxb8 15. Ne4 Qc7 (15... Nd5 $1 $17 {White must now prevent ...Qc7.} 16. O-O-O Qc7) 16. O-O-O (16. Nxf6+ $1 $15 Bxf6 17. Be4) 16... O-O-O $2 (16... Nd5 $1 $17 {aiming for ...a6.} 17. a4 a6) 17. Nxf6 $11 Bxf6 18. Be4 Be7 19. h3 g3 20. f3 (20. fxg3 {should
be considered.} hxg3 21. Bxb7+ Qxb7 22. e4) 20... f5 (20... b5
$142 21. Bxb7+ Qxb7) 21. Bxb7+ Qxb7 22. a4 Rd5 (22... Rxd1+ $11 {remains equal.} 23. Rxd1
Rd8) 23. Rxd5 Qxd5 24. Qb3 (
24. b3 $5 ) 24... Rd8 25. Rd1 Qxd1+ 26. Qxd1 Rxd1+ 27.
Kxd1 {[%emt 0:00:06] Endgame KB-KN} Kc7 28. b3 a6 {[%emt 0:02:30] The position is equal.} 29. Ke2 b5 30. axb5 axb5 31. Na3 Kc6 32. c4 bxc4 33. bxc4 Bf6 34. Kd3 Kd6 35. Nb5+ Kc6 36. Na3 Kd6 37. Nc2 Bg7 38. Ne1 Bf6 39. Kc2 Bd8 40. f4 e5 41. fxe5+ Kxe5 {[%emt 0:00:05] Strongly threatening ...Ke4.} 42. Kd3 Ke6 43. Nf3 Be7 44. e4 f4 45. Kc2 Kd6 46. Kb3 Bd8 47. Ka4 Kc6 48. Ka3 Kd6 49.
Kb3 Kd7 50. Ka4 Kc6 51. Kb3 Kd7 52. Kc2 Ke6 53. Kd1 Kd6 54.
Ke2 Be7 55. Kd3 Ke6 56. Kc3 Kd6 57. Kc2 Bd8 58. Kb2 Bf6+ 59.
e5+ Bxe5+ 60. Kc2 {[%emt 0:00:00] And now
Kd3 would win.} Bf6 61. Kd3 Kc6 62. Ke4 Kb6 $1 63. Kxf4 Ka5 $1 64. Kf5 Bd8 65. Kg4 Kb4 66. Nxh4 Kxc4 67. Nf3 Bc7 68. h4 Kd5 69. h5 {[%emt 0:00:14] Hoping for h6.} Ke6 70. Nd2 Kf7 71. Nc4 Kg7 72. Ne3 Kh7 73. Kg5 Bd8+ 74. Kg4 Bc7 75.
Nc4 Kh6 76. Nd2 Kh7 77. Nc4 Kh6 78. Ne3 Kh7 79. Nf5 c4 80.
Kf3 ({Don't blunder} 80. Nxg3 $2 Bxg3 81. Kf3 {[#]} c3 $1 82.
Ke2 Kh6 83. Kd3 Be5 84. Ke3 Bd4+ $1 85. Kd3 Kxh5 $1 86. Kc2 Kg4 87. Kc1 Kg3 88.
Kb1 Kxg2 89. Kc2 Kg3 90. Kd1 Kf4 91. Kc1 Ke3 92. Kc2 Ke2 93. Kb1 Kd3 94. Kc1
Be3+ 95. Kb1 c2+ 96. Ka2 c1=Q 97. Kb3 Qc4+ 98. Kb2 Qc2+ 99. Ka3 Bc5#) 80... c3
{[%emt 0:00:53] ( -> ...c2)} 81. Ke2 Be5 82.
Kd3 Kg8 83. Ne3 (83. h6 {
is interesting.} Kf7 84. h7 Kg6 85. Ne3) 83... Kh7 84. Ke4 Bg7 85. Kd3 Be5 86. Nf5 (86. h6 $5) 86... Kg8 87. Ne3 (87. h6 {with more complications.} Kf7 88. h7 Kg6 89. Ne3)
87... Kh7 88. Kc2 Bg7 89.
Kd3 Be5 90. Nc4 Bh8 91. Nd6 Be5 92. Nf5 Kg8 93. Ne3 Kh7 94.
Nd5 Kh6 95. Nxc3 Kxh5 {
[%emt 0:00:08] Weighted Error Value: White=0.13 (very precise) /Black=0.15 
(very precise)} 1/2-1/2

[Event "44th Chess Olympiad Women 2022"]
[Site "Chennai"]
[Date "2022.08.05"]
[Round "7.4"]
[White "Kashlinskaya, Alina"]
[Black "Salimova, Nurgyul"]
[Result "0-1"]
[WhiteElo "2505"]
[BlackElo "2416"]
[Annotator "TA"]
[PlyCount "110"]
[EventDate "2022.??.??"]
[TimeControl "60"]

1. d4 {[%emt 0:00:03] Ganguly,Surya} d5 2. c4 e6 3. Nf3 Nf6 4. Nc3 c6 5. Bg5 dxc4 6. e4 b5 7.
e5 h6 8. Bh4 g5 9. Nxg5 hxg5 10. Bxg5 Be7 11. exf6 Bxf6 12. Bxf6 Qxf6 13. g3 Na6 14. Bg2 Bb7 15. Ne4 Qe7 16. O-O {[%emt 0:00:20] D44: Semi-Slav: Botvinnik System.}
O-O-O 17. h4 c5 18. a4 $1 {
[%emt 0:00:21] White is slightly better.} Rxd4 19. Qe2 b4 20. Rac1 Bd5 {[%emt 0:02:
41] [#]} 21. Rfe1 $146 ({Predecessor:} 21. Rfd1 Rxd1+ 22. Rxd1
Rd8 23. Rc1 Nb8 24. Qe3 Nc6 25. Nxc5 Qf6 26. b3 c3 27. Qe2 {0-1 (37) Melkumyan,
H (2660)-Shankland,S (2722) Batumi 2018 CBM 187 [Ganguly, Surya]}) 21... Nb8 22. Nd2 Bxg2 23. Kxg2 Qb7+ 24. Nf3 (24. f3 $14)
24... Qd5 $1 $11 25. Qe5 Qxe5 (25... Rh5 $11 26. Qxd5 exd5) 26. Nxe5 $14 Nd7 27. Rxc4 Rxc4 28. Nxc4 {[%emt 0:00:19]
Endgame aiming for Nd6+. KRN-KRN} Kc7 {[%emt 0:00:24] Prevents Nd6.} 29. a5 Nb8 30. Ne5 Rh7 ({Black should try} 30... f6 $14 31. Ng4 f5) 31. Rd1 (31.
Nf3 $16) 31... Nc6 (31... f6 $14 32. Nc4 Nc6) 32. Nxc6 (32. Rd7+ $16 Kc8 33. Rxf7 Rxf7 34. Nxf7) 32... Kxc6 $16 {
[%emt 0:00:07] KR-KR} 33. Kf3 f6 34. Ke3 Kb5 35. Rd8 $2 {[%emt 0:01:11] White is on
the road to losing.} (35. Rd6 $11) 35... Ka4 $1 $19 36. Kd2 Kb3 37. Kc1 c4 {[%emt 0:00:
12] Prevents Rd3+. Threatens to win with ...Rh5.} 38. Rd6 Rh5 39. Rxe6 Rxa5 40. Re3+ c3 41. bxc3 bxc3 42. Kb1 Rd5 43.
Kc1 a5 44. Re6 Rb5 $1 {
[%emt 0:01:25] ( -> ...a4)} 45. h5 a4 $1 {[%emt 0:01:54]
Black mates.} ({Worse is} 45... Rxh5 46. Rb6+ Kc4 47. Kc2 $11) 46. h6 a3 47. h7 {[%emt 0:01:12] [#]} a2 $1 ({Stronger than} 47... Rh5 48. Rb6+ Kc4 49. Kc2 $17 (49. Rc6+ Kb3
$17)) 48. Ra6 Rh5 49. Rb6+ Kc4 50. Ra6 a1=Q+ 51. Rxa1 Kd3 52. Kb1 Rxh7 53. Ra3 Kd2 54. Ra2+ {[%emt 0:00:56] [#]} Kd1 $1 55. f4 Rb7+ {[%emt 0:00:06] Weighted Error Value: White=0.69/Black=0.06 
(flawless)} 0-1

[Event "44th Chess Olympiad Women 2022"]
[Site "Chennai"]
[Date "2022.08.05"]
[Round "7.4"]
[White "Kiolbasa, Oliwia"]
[Black "Krasteva, Beloslava"]
[Result "1-0"]
[WhiteElo "2376"]
[BlackElo "2249"]
[Annotator "TA"]
[PlyCount "119"]
[EventDate "2022.??.??"]
[TimeControl "60"]

1. e4 {[%emt 0:00:03] ChessBase II} c5 2. Nf3 d6 3. d4 cxd4 4. Nxd4 Nf6 5. Nc3 a6 6. h3 e6 7. g4 Be7 {[%emt 0:00:07] B81:
Sicilian Scheveningen: Keres Attack.} 8. g5 Nfd7 9. Be3 b5 {[%emt 0:05:16] White is slightly better.} (
9... Bxg5 10. Nxe6 $1 fxe6 11. Qh5+ g6 12. Qxg5 $16) 10. a3 Bb7 ({Don't do} 10... Bxg5 {[#]} 11. Nxe6 $1 fxe6 12. Qh5+ g6
13. Qxg5 $16) 11. h4 Nc6 12. Qd2 Nc5 {[%emt 0:20:25] [#]} 13. f4 $146 (13. f3 $14) ({
Predecessor:} 13. f3 O-O 14. O-O-O Ne5 15. Rg1 Rc8 16. h5 d5 17. g6 hxg6 18. f4
Nc4 19. Bxc4 dxc4 20. hxg6 fxg6 21. Rxg6 {1-0 (30) Navara,D (2751)
-Solodovnichenko,Y (2592) Montpellier 2015 CBM 166 Extra [ChessBase II]}) 13...
O-O 14. Rh3 Nxd4 15. Bxd4 e5 16. Bxc5 dxc5 17. O-O-O exf4 18. Qxf4 Qb8 19. Qxb8 Raxb8 20. Nd5 Bd8 21. Rf3 Re8 22. Rf4 Bc6 23. Bh3 a5 24. Rdf1 Rb7 25. Bg4 c4 26. c3 g6 27. Bh3 Kg7 28. Rd1 h6 29. Nf6 $1 Bxf6 (
29... Rf8 {is more complex.} 30. gxh6+ Kxh6 31. Bd7 Bxf6 32. Bxc6 Be5) 30.
gxf6+ Kg8 31. Rd4 Rbb8 32. Kd2 $1 Rbd8 33. Ke3 $1 Kf8 34. Bg2 Bd7 (34... Rb8 $16) 35. Rf2 $18 {[%emt 0:00:00] And now Rfd2 would win.} Be6 36. Rfd2 Rb8 (36... Rxd4 37.
cxd4 Rc8 38. Rc2 $16) 37. Bf1 $2 ({White should play} 37. Kf4
$18) 37... Rbc8 (37... b4 $14) 38. Kf4 {[%emt 0:00:27] White
is more active.} Rc5 39. Rd8 g5+ $2 (39... b4 40. e5 (40. cxb4 axb4 41. axb4 Rh5 $16) 40... bxc3 41. bxc3
g5+ 42. hxg5 hxg5+ 43. Ke4 (43. Kxg5 Rxe5+ 44. Kh4 Re4+ 45. Kg3 Rg4+ 46. Kh2
Rf4 $11) 43... Rc8) 40. hxg5 hxg5+ 41. Ke3 {
[%emt 0:06:31][%cal Yd2h2] White wants to mate with Rh2!} Rc8 {[%emt 0:01:22] 
[#]} 42. Rh2 $1 Kg8 {[%emt 0:00:10] Prevents Rh8+.
} 43. Rxe8+ Rxe8 {[%emt 0:00:10] Endgame KRB-KRB} 44. Rh5 Rb8 (44... g4 $142 45. Be2 (45. Rxb5 Kh7 $18)
45... Bd7 46. Rg5+ Kf8 47. Bxg4 Bxg4) 45. Rxg5+ Kh7 $2 (45... Kf8 46. Bg2 Rb6) 46. Be2 Rb6 47. Bf3 {[%emt 0:01:58] Threatens to win with Rg7+.} Kh6 48. Rh5+ Kg6 {[%emt 0:01:04] Loses the game.} 49. e5 {
[%emt 0:00:15][%cal Ye4e5,Ye5f6] Intending Kf4 and mate.} Bd5 50. Bd1 b4 51. axb4 axb4 52. Kf4 bxc3 53. Rh8 Rxf6+ 54. exf6 cxb2 55. Rb8 c3 56.
Ke5 Be6 57. Bc2+ Kg5 58. Rg8+ Kh4 59. Rg1 (59. Kf4 $142 Kh3 60. Be4 Kh2 61. Rg2+ Kh3 62. Rg1 b1=Q 63.
Rxb1 Kh4 64. Rh1+ Bh3 65. Bf5 Kh5 66. Rxh3#) 59... Ba2 60. Kd4
{[%emt 0:00:26] Weighted Error Value: White=0.15 (very precise) /Black=0.43}
1-0